Map: Terrazas de Prion

Players

Xandros

  • Race: Terran Terran

IA (Medio) 1 - Winner!

  • Race: Zerg Zerg

VOD

Have the link to the VOD?

Description

Time

  • Played on: Nov. 20, 2015, 3:17 p.m.
  • Length: 4:41
Show
View Real Time Build Order
Export as new Build Order

Xandros Terran 

Build Orders:  

Get SALT Encoding   

  12  0:03  SCV  
  13  0:15  SCV  
  14  0:25  Supply Depot  
  14  0:28  SCV  
  15  0:46  SCV  
  16  0:53  Barracks  
  16  1:02  Supply Depot  
  16  1:03  SCV  
  17  1:15  SCV  
  17  1:18  Refinery  
  18  1:27  SCV  
  19  1:46  SCV  
  20  1:53  Command Center  
  20  2:00  SCV  
  21  2:06  Refinery  
  21  2:17  Reaper  
  21  2:22  SCV  
  23  2:35  Orbital Command  
  23  2:49  Reaper  
  24  3:10  Factory  
  24  3:14  SCV  
  24  3:38  SCV  
  25  3:43  Bunker  
  25  3:47  Engineering Bay  
  25  3:59  SCV  
  26  4:07  SCV  
  27  4:10  Factory Tech Lab  
  27  4:11  SCV  
  27  4:14  Supply Depot  
  28  4:25  Factory  
  29  4:37  Supply Depot  
Show
View Real Time Build Order
Export as new Build Order

IA (Medio) 1 Zerg - Winner!

Build Orders: Pool Only 

Get SALT Encoding   

  12  0:00  Drone  
  13  0:12  Overlord  
  13  0:17  Drone  
  14  0:30  Drone  
  14  0:33  Drone  
  16  0:43  Spawning Pool  
  16  0:45  Drone  
  16  0:49  Drone  
  17  0:52  Extractor  
  17  0:55  Drone  
  17  1:06  Overlord  
  17  1:30  Queen  
  17  1:31  Zergling x2  
  20  1:35  Roach Warren  
  20  1:38  Drone  
  20  1:43  Extractor  
  20  1:44  Zergling x2  
  20  1:49  Drone  
  21  2:00  Drone  
  22  2:10  Overlord  
  22  2:21  Roach  
  24  2:32  Drone  
  24  2:37  Overlord, Roach  
  27  2:40  Drone  
  28  2:45  Drone  
  28  2:50  Ravager  
  30  2:54  Roach  
  32  3:04  Baneling Nest  
  32  3:05  Drone  
  32  3:08  Drone, Ravager  
  32  3:09  Roach  
  36  3:18  Overlord  
  36  3:22  Roach  
  38  3:28  Drone  
  39  3:35  Evolution Chamber  
  39  3:38  Drone  
  39  3:41  Drone, Roach  
Tags
 
Add a new tag
Caveats
  • Supply blocks, unpowered buildings, or Contaminate may cause inaccurate times.
  • Supply counts are checked every 10 seconds.